 Dungeon Crawl Stone Soup version 0.29-a0-998-g1987434951 (webtiles) character file.

Game seed: 940924831357842382

55 Newt the Insei (level 3, -4/26 HPs)
             Began as a Demonspawn Transmuter on Aug 5, 2022.
             Slain by Natasha (7 damage)
             ... on level 2 of the Dungeon.
             The game lasted 00:02:44 (1825 turns).

Newt the Insei (Demonspawn Transmuter)              Turns: 1825, Time: 00:02:44

Health: -4/26      AC:  3    Str: 12    XL:     3   Next: 67%
Magic:  3/6        EV: 16    Int: 14    God:
Gold:   66         SH:  0    Dex: 13    Spells: 3/6 levels left

rFire   + . .      SeeInvis .     - Unarmed
rCold   + . .      Faith    .   (no shield)
rNeg    . . .      Spirit   .   a - +1 robe
rPois   .          Reflect  .   (helmet currently unavailable)
rElec   .          Harm     .   c - scarf {rC+ rF+}
rCorr   .          Rampage  .   (no gloves)
Will    .....                   (boots currently unavailable)
Stlth   +.........              (no amulet)
HPRegen 0.08/turn               i - +4 ring of evasion
MPRegen 0.10/turn               (no ring)

@: appendages (expiring), wereblooded, slowed, very slow
A: talons 2, antennae 1
a: End Transformation


You were on level 2 of the Dungeon.
You had temporarily grown beastly talons.
You visited 1 branch of the dungeon, and saw 2 of its levels.

You collected 66 gold pieces.

Inventory:

Armour
 a - a +1 robe (worn)
 c - a scarf of resistance (worn)
Jewellery
 i - a +4 ring of evasion (left hand)
Scrolls
 d - a scroll of magic mapping {unknown}
 h - 2 scrolls of noise {unknown}
 k - 2 scrolls of identify {unknown}
 m - a scroll of enchant weapon {unknown}
Potions
 e - a potion of ambrosia {unknown}
 f - 2 potions of curing {unknown}
 g - a potion of cancellation {unknown}
 j - a potion of brilliance
 l - a potion of heal wounds {unknown}


   Skills:
 + Level 1.1 Fighting
 - Level 1.7 Dodging
 + Level 0.4 Stealth
 + Level 3.6 Unarmed Combat
 + Level 2.3 Spellcasting
 + Level 2.2 Transmutations


You had 3 spell levels left.
You knew the following spells:

 Your Spells              Type           Power      Damage    Failure   Level
a - Beastly Appendage     Tmut           14%        N/A       9%          1
b - Wereblood             Tmut           7%         N/A       14%         2

Your spell library contained the following spells:

 Spells                   Type           Power      Damage    Failure   Level
 Spider Form              Tmut/Pois      4%         N/A       41%         3
 Ice Form                 Ice/Tmut       4%         N/A       82%         4


Dungeon Overview and Level Annotations

Branches:
Dungeon (2/15)

Altars:

Annotations:
D:2 Natasha


Innate Abilities, Weirdness & Mutations

You have temporarily grown beastly talons.
You have a pair of small antennae on your head.


Message History

Casting: Beastly Appendage (safe; 9% risk of failure)
Confirm with . or Enter, or press ? or * to list all spells.
Your blood is infused with primal strength.
Natasha casts a spell at you.
You feel yourself slow down.
Casting: Wereblood (safe; 14% risk of failure)
Confirm with . or Enter, or press ? or * to list all spells.
Your feet morph into talons.
Natasha zaps a wand.
The puff of flame hits you. You resist. Natasha casts a spell at you.
You feel as though you will be slow longer.
Natasha misses you. Natasha claws you.
You hit Natasha but do no damage. Natasha casts a spell at you.
The magic dart hits you!
Your magical contamination has completely faded away.
You hit Natasha but do no damage. You claw Natasha.
Natasha is moderately wounded.
Your transformation is almost over.
Natasha zaps a wand.
The puff of flame hits you. You resist.
You barely miss Natasha.
Natasha is moderately wounded.
Natasha zaps a wand.
The puff of flame hits you. You resist.
* * * LOW HITPOINT WARNING * * *
Natasha closely misses you.
You hit Natasha but do no damage. You claw Natasha.
Natasha is severely wounded.
Natasha zaps a wand.
The puff of flame misses you.
Unknown command.
You hit Natasha. You claw Natasha, but do no damage.
Natasha is almost dead.
Natasha casts a spell at you. The magic dart hits you.
* * * LOW HITPOINT WARNING * * *
Natasha zaps a wand.
The puff of flame misses you.
Unknown command.
You barely miss Natasha. Your kick misses Natasha.
Natasha is almost dead.
Natasha claws you!
You die...

.. .# #. #.# #.#
#..# .
##.###...#.^
##...#......#
#...........#
#.....h.....#
#....@......#
.####....#.....##
......#.###......
######...########
.......#..#
######....#
##.#.#
############.#.#
#..........†...#


You could see Natasha.

Vanquished Creatures
  Natasha (D:2)
  3 ball pythons (D:1)
  5 bats
  2 endoplasms (D:1)
  2 giant cockroaches (D:1)
  3 goblins (D:1)
  2 jackals (D:2)
  4 quokkas (D:1)
  3 frilled lizards
  2 kobolds (D:1)
27 creatures vanquished.

Notes
Turn   | Place    | Note
-------+----------+-------------------------------------------
     0 | D:1      | Newt the Demonspawn Transmuter began the quest for the Orb.
     0 | D:1      | Reached XP level 1. HP: 15/15 MP: 3/3
   236 | D:1      | Reached skill level 3 in Unarmed Combat
   328 | D:1      | Lost mutation: You have a pair of horns on your head.
                  | [demonic ancestry]
   328 | D:1      | Lost mutation: You have a pair of small horns on your head.
                  | [demonic ancestry]
   328 | D:1      | Gained mutation: You have a pair of small antennae on your
                  | head. [demonic ancestry]
   328 | D:1      | Reached XP level 2. HP: 18/21 MP: 3/5
   885 | D:1      | Learned a level 2 spell: Wereblood
   886 | D:1      | Identified a scroll of acquirement
   886 | D:1      | Acquired a scarf of resistance
  1589 | D:2      | Noticed Natasha
  1593 | D:2      | Noticed a crimson imp
  1599 | D:2      | Noticed a crimson imp
  1603 | D:2      | Reached XP level 3. HP: 12/26 MP: 1/6
  1617 | D:2      | Killed Natasha
  1814 | D:2      | Noticed Natasha
  1825 | D:2      | Slain by Natasha

Illustrated notes

Levels and vault maps discovered:
D:1:      grunt_arrival_crossed_arrows, layout_loops_cross
D:2:      layout_loops_ring, chequers_ecumenical_altar_twisty, uniq_sigmund,
          uniq_natasha

Skill      XL: |  1  2 |
---------------+-------+-----
Unarmed Combat | 3 |  3.6
Transmutations | 2 |  2.2
Fighting       | |  1.1
Dodging        | |  1.7
Stealth        | |  0.4
Spellcasting   | |  2.3

Action                   || total
-------------------------++-------
Melee: Unarmed           ||   107
       Kick              ||    16
       Headbutt          ||     2
       Punch             ||     1
 Cast: Beastly Appendage ||    15
       Wereblood         ||     2
  Use: Scroll            ||     2
       Potion            ||     1
Armor: Robe              ||    20
       Skin              ||    11
Dodge: Dodged            ||   100

Table legend: (Time is in decaauts)
 A = Elapsed time spent in this place.
 B = Non-inter-level travel time spent in this place.
 C = Inter-level travel time spent in this place.
 D = Time resting spent in this place.
 E = Time spent auto-exploring this place.
 F = Levels seen in this place.
 G = Mean time per level.
                   A        B        C        D        E       F      G
               +--------+--------+--------+--------+--------+-----+--------+
         Total |   1821 |   1805 |     16 |    167 |   1386 |   2 |  910.5 |
       Dungeon |   1821 |   1805 |     16 |    167 |   1386 |   2 |  910.5 |
               +--------+--------+--------+--------+--------+-----+--------+

Top non-repeatable levels by time:
     D:1: 1444 daAuts
     D:2: 377 daAuts
